 Dungeon Crawl Stone Soup version 0.23.2-33-g5129a83184 (webtiles) character file.

Game seed: 1263167638934773027

36 FishyPogo the Caller (level 3, -2/24 HPs)
             Began as a Vampire Summoner on July 29, 2019.
             Slain by Crazy Yiuf
             ... wielding a +3 quarterstaff of chaos
              (3 damage)
             ... while petrified by Crazy Yiuf
             ... on level 2 of the Dungeon.
             The game lasted 00:13:14 (1500 turns).

FishyPogo the Caller (Vampire Summoner)             Turns: 1500, Time: 00:13:14

Health: -2/24      AC:  5    Str:  7    XL:     3   Next: 19%
Magic:  1/6        EV:  2    Int: 15    God:
Gold:   111        SH:  0    Dex: 15    Spells: 5/6 levels left

rFire    . . .     SeeInvis +   b - +1 dagger
rCold    . . .     Gourm    .   (no shield)
rNeg     + + +     Faith    .   g - +1 robe
rPois    ∞         Spirit   .   e - +2 hat
rElec    .         Reflect  .   (no cloak)
rCorr    .         Harm     .   (no gloves)
MR       .....     Rnd*Tele +   (no boots)
Stlth    ++........             p - amulet of the acrobat
HPRegen  0.28/turn              j - ring of teleportation (curse)
MPRegen  0.10/turn              o - -2 ring of intelligence (curse)

@: petrified, regenerating quickly
A: fangs 3, see invisible, unbreathing
a: no special abilities


You were on level 2 of the Dungeon.
You were very full.

You visited 1 branch of the dungeon, and saw 2 of its levels.

You collected 111 gold pieces.

Inventory:

Hand Weapons
 a - a +0 short sword
 b - a +1 dagger (weapon)
Armour
 e - a +2 hat (worn)
 g - a +1 robe (worn)
Jewellery
 j - a cursed ring of teleportation (left hand)
 k - an uncursed ring of poison resistance
 o - a cursed -2 ring of intelligence (right hand)
 p - an amulet of the acrobat (around neck)
Scrolls
 l - a scroll of amnesia
Potions
 c - a potion of blood
 d - a potion of might {unknown}
 f - 2 potions of flight {unknown}
 h - 3 potions of curing {unknown}
 i - 2 potions of haste {unknown}
 m - a potion of heal wounds {unknown}
 n - a potion of agility {unknown}


   Skills:
 + Level 0.3 Short Blades
 + Level 2.4 Dodging
 * Level 3.5 Stealth
 + Level 2.4 Spellcasting
 + Level 4.5 Summonings


You had 5 spell levels left.
You knew the following spells:

 Your Spells              Type           Power        Failure   Level  Hunger
a - Summon Small Mammal   Summ           ###.         3%          1    #......

Your spell library contained the following spells:

 Spells                   Type           Power        Failure   Level  Hunger
 Call Imp                 Summ           ###.....     4%          2    ###....
 Call Canine Familiar     Summ           ###.....     10%         3    ###....
 Summon Guardian Golem    Hex/Summ       #.......     26%         3    ###....
 Summon Ice Beast         Ice/Summ       #.......     63%         4    #####..
 Summon Lightning Spire   Summ/Air       #.......     63%         4    #####..


Dungeon Overview and Level Annotations

Branches:
Dungeon (2/15)

Altars:

Annotations:
D:2 Crazy Yiuf


Innate Abilities, Weirdness & Mutations

Your natural rate of healing is unusually fast.
You have razor-sharp teeth.
You have supernaturally acute eyesight. (SInv)
You can survive without breathing.


Message History

Crazy Yiuf is severely wounded.
Your quokka bites Crazy Yiuf but does no damage.
Crazy Yiuf hits your quokka with a +3 quarterstaff of chaos.
Your quokka dies!
Your quokka's corpse disappears in a puff of smoke!
Your quokka closely misses Crazy Yiuf.
Crazy Yiuf shouts!
You have turned to stone.
Crazy Yiuf says, "Seed!
Earwax head senile."
Crazy Yiuf hits you with a +3 quarterstaff of chaos!
Crazy Yiuf burns you.
Your quokka bites Crazy Yiuf but does no damage.
Your quokka bites Crazy Yiuf.
Crazy Yiuf hits you with a +3 quarterstaff of chaos!
* * * LOW HITPOINT WARNING * * *
Crazy Yiuf freezes you.
* * * LOW HITPOINT WARNING * * *
Your quokka closely misses Crazy Yiuf.
Crazy Yiuf hits you with a +3 quarterstaff of chaos.
You die...

##.....# #.# #.#
###...## #####.####.#
# ##.## #.......##.#
####.######.###...##.#
............###......#
####+#########.....###
##...## ##...##
##.....## ###.##
#.......## ##.#@#
.........####...g#
.........+......r#
....<....####....#
........## ##.#.#
#......## ###.#
#.#...## #.## #.##+##
#..# #.# ##.#


You could see Crazy Yiuf and a friendly quokka.

Vanquished Creatures
  A dart slug (D:2)
  3 bats
  A giant cockroach (D:2)
  2 goblins
  A jackal (D:2)
  2 frilled lizards (D:2)
  2 kobolds (D:1)
  A fungus (D:2)
13 creatures vanquished.

Vanquished Creatures (collateral kills)
  An adder (D:2)
  An ooze (D:1)
  A worm (D:2)
  A dart slug (D:1)
  A ball python (D:2)
  A giant cockroach (D:2)
  2 goblins (D:1)
  3 hobgoblins
  2 jackals (D:2)
  3 kobolds (D:1)
  2 rats (D:1)
18 creatures vanquished.

Grand Total: 31 creatures vanquished

Notes
Turn   | Place    | Note
-------+----------+-------------------------------------------
     0 | D:1      | FishyPogo the Vampire Summoner began the quest for the Orb.
     0 | D:1      | Reached XP level 1. HP: 13/13 MP: 3/3
   271 | D:1      | Reached XP level 2. HP: 17/19 MP: 3/5
  1063 | D:2      | Reached XP level 3. HP: 24/24 MP: 4/6
  1443 | D:2      | Found a runed translucent door.
  1444 | D:2      | Noticed Crazy Yiuf
  1499 | D:2      | HP: 1/24 [Crazy Yiuf/+3 quarterstaff of chaos (2)]
  1500 | D:2      | Slain by Crazy Yiuf

Action                   || total
-------------------------++-------
Melee: Dagger            ||    57
       Bite              ||     7
       Unarmed           ||     1
 Cast: Summon Small Mamm ||    39
  Use: Scroll            ||     6
 Stab: Sleeping          ||     6
       Fleeing           ||     1
  Eat: Corpse            ||    12
Armor: Robe              ||     8
Dodge: Dodged            ||    22
